 Dungeon Crawl Stone Soup version 0.24-a0-355-gbe4061d (webtiles) character file.

Game seed: 3314378980909621901

1229 Trollies the Ruffian (level 8, 0/75 HPs)
             Began as a Troll Fighter on May 24, 2019.
             Was an Initiate of Wu Jian.
             Slain by a sky beast (6 damage)
             ... on level 6 of the Dungeon.
             The game lasted 00:15:26 (4586 turns).

Trollies the Ruffian (Troll Fighter)                Turns: 4586, Time: 00:15:26

Health: 0/75       AC: 10    Str: 30    XL:     8   Next: 24%
Magic:  7/7        EV: 11    Int:  4    God:    Wu Jian [......]
Gold:   205        SH:  0    Dex: 11    Spells: 7/7 levels left

rFire    . . .     SeeInvis .     - Unarmed
rCold    + . .     Gourm    +   (no shield)
rNeg     . . .     Faith    .   m - +0 acid dragon scales
rPois    .         Spirit   .   (helmet restricted)
rElec    .         Reflect  .   (no cloak)
rCorr    +         Harm     .   (gloves unavailable)
MR       .....                  (boots unavailable)
Stlth    +.........             (no amulet)
HPRegen  0.62/turn              g - ring of protection from cold
MPRegen  0.10/turn              (no ring)

@: mighty
A: large, unfitting armour, claws 3, fast metabolism 3, gourmand, regeneration
1, shaggy fur 1, tough skin 3
a: Renounce Religion


You were on level 6 of the Dungeon.
You worshipped Wu Jian.
Wu Jian was noncommittal.
You were full.

You visited 1 branch of the dungeon, and saw 6 of its levels.

You collected 205 gold pieces.

Inventory:

Hand Weapons
 q - a +0 flail of holy wrath
 r - a +0 flail
Armour
 a - a +0 robe
 b - a +0 shield
 k - a cursed +0 pair of boots
 m - +0 acid dragon scales (worn)
 s - the cursed +1 robe "Ciutange" {rElec Int+3, unknown}
   (You found it on level 4 of the Dungeon)

   It affects your intelligence (+3).
   It insulates you from electricity.
   It has a curse placed upon it.
Jewellery
 g - a ring of protection from cold (left claw)
 h - a cursed amulet of inaccuracy
 u - a cursed amulet of guardian spirit
Wands
 j - a wand of random effects (13)
Scrolls
 e - 2 scrolls of immolation {unknown}
 f - a scroll of identify
 l - 6 scrolls of remove curse
 n - a scroll of magic mapping
 o - 4 scrolls of teleportation
Potions
 c - 2 potions of might
 i - 2 potions of haste
 t - a potion of agility
Comestibles
 d - 7 rations


   Skills:
 + Level 3.1 Fighting
 + Level 2.1 Armour
 + Level 3.9 Dodging
 + Level 0.5 Stealth
 * Level 4.1 Shields
 * Level 7.3 Unarmed Combat


You had 7 spell levels left.
You didn't know any spells.
Your spell library contained the following spells:

 Spells                   Type           Power        Failure   Level  Hunger
 Animate Skeleton         Necr           N/A          56%         1    ##.....
 Pain                     Necr           #...         56%         1    ##.....
 Regeneration             Chrm/Necr      #.........   90%         3    ####...
 Vampiric Draining        Necr           #.........   90%         3    ####...
 Animate Dead             Necr           N/A          100%        4    #####..


Dungeon Overview and Level Annotations

Branches:
Dungeon (6/15)             Temple (0/1) D:5

Altars:
Cheibriados
Fedhas
Hepliaklqana
Makhleb
Nemelex Xobeh
Sif Muna
Wu Jian
Yredelemnul


Innate Abilities, Weirdness & Mutations

You are too large for most types of armour.
You have claws for hands.
Your metabolism is lightning-fast.
You like to eat raw meat.
Your natural rate of healing is unusually fast.
You are covered in fur. (AC +1)
You have extremely tough skin. (AC +3)


Message History

You closely miss something.
You feel sick.
The gnoll hits you with a cursed -1 halberd.
* * * LOW HITPOINT WARNING * * *
The gnoll hits you with a +2 spear of flaming.
* * * LOW HITPOINT WARNING * * *
The gnoll burns you.
* * * LOW HITPOINT WARNING * * *
Something hits you but does no damage.
You feel better. The gnoll barely misses you. The gnoll misses you.
Something hits you but does no damage.
Okay, then.
You miss something.
The gnoll hits you with a +2 spear of flaming.
* * * LOW HITPOINT WARNING * * *
The gnoll burns you.
* * * LOW HITPOINT WARNING * * *
The gnoll barely misses you. Something hits you.
* * * LOW HITPOINT WARNING * * *
Something shocks you.
You die...

##..................###
.#..!...................
........)..............##
........>..............##
........((......>......##
.........(((.............
........(................
.......g..........##.....
.......)@.<.#.....##.....
.....#g{)####..........#
.#.####)## ###.##....##
#.....†..# ..........
..............###.......
.)Y......#...# ##.####$
.##......#..... .. #.
%........ ...# ....#.....
.##


You could see 2 gnolls.

Vanquished Creatures
  Grinder (D:3)
  A black bear (D:4)
  A phantom (D:4)
  A centaur (D:6)
  A gnoll sergeant (D:5)
  2 scorpions (D:4)
  A crimson imp (D:5)
  A howler monkey (D:4)
  A bullfrog zombie (D:4)
  A hound (D:4)
  An orc priest (D:3)
  2 orc wizards
  Ijyb (D:2)
  An iguana (D:5)
  2 worker ants
  A hound zombie (D:6)
  12 gnolls
  A howler monkey skeleton (D:6)
  9 adders
  2 shadow imps
  An adder skeleton (D:6)
  2 dart slugs
  2 leopard geckos
  12 orcs
  2 ball pythons
  5 bats
  2 giant cockroaches
  9 goblins
  7 hobgoblins
  2 jackals (D:5)
  3 quokkas
  6 frilled lizards
  A jackal skeleton (D:4)
  7 kobolds
  5 rats
109 creatures vanquished.

Notes
Turn   | Place    | Note
-------+----------+-------------------------------------------
     0 | D:1      | Trollies the Troll Fighter began the quest for the Orb.
     0 | D:1      | Reached XP level 1. HP: 22/22 MP: 0/0
   168 | D:1      | Reached XP level 2. HP: 27/29 MP: 1/1
   807 | D:1      | Reached XP level 3. HP: 36/36 MP: 2/2
  1488 | D:2      | Noticed Ijyb
  1503 | D:2      | Killed Ijyb
  1503 | D:2      | Reached skill level 3 in Unarmed Combat
  1503 | D:2      | Reached XP level 4. HP: 19/44 MP: 3/3
  2321 | D:3      | Reached XP level 5. HP: 32/50 MP: 4/4
  2328 | D:3      | Reached skill level 4 in Unarmed Combat
  2535 | D:3      | Noticed Grinder
  2560 | D:3      | Killed Grinder
  2560 | D:3      | Reached skill level 5 in Unarmed Combat
  2560 | D:3      | Reached XP level 6. HP: 47/59 MP: 5/5
  2726 | D:3      | Found a basalt altar of Yredelemnul.
  3078 | D:4      | Reached XP level 7. HP: 22/66 MP: 6/6
  3182 | D:4      | Got a shadowed robe
  3229 | D:4      | Reached skill level 6 in Unarmed Combat
  3253 | D:4      | Reached skill level 1 in Armour
  3566 | D:5      | Entered Level 5 of the Dungeon
  3580 | D:5      | Found a blossoming altar of Fedhas.
  3586 | D:5      | Found a sparkling altar of Nemelex Xobeh.
  3586 | D:5      | Found a snail-covered altar of Cheibriados.
  3587 | D:5      | Found a hazy altar of Hepliaklqana.
  3588 | D:5      | Found a burning altar of Makhleb.
  3589 | D:5      | Found an ornate altar of the Wu Jian Council.
  3628 | D:5      | Became a worshipper of the Wu Jian Council
  3636 | D:5      | Found a deep blue altar of Sif Muna.
  3695 | D:5      | Found a staircase to the Ecumenical Temple.
  4210 | D:5      | Reached XP level 8. HP: 75/75 MP: 7/7
  4521 | D:6      | Reached skill level 7 in Unarmed Combat
  4586 | D:6      | Slain by a sky beast

Levels and vault maps discovered:
D:1:      roderic_dead_forest, layout_loops_corners, minivault_5
D:2:      kennysheep_the_goblin_king, layout_basic, chequers_decorated_corner
D:3:      layout_basic, lemuel_round_altar, uniq_grinder
D:4:      layout_rooms, first_ration
D:5:      layout_basic, lemuel_doored_altar, grunt_temple_overflow_open,
          minmay_temple_entry_fiery
D:6:      layout_cave_pools

Skill      XL: |  1  2  3  4  5  6  7  8 |
---------------+-------------------------+-----
Shields        | 3 4 |  4.1
Unarmed Combat | 3 5 6 7 |  7.3
Dodging        | 3 |  3.9
Armour         | 1 2 |  2.1
Fighting       | 3 |  3.1
Stealth        | |  0.5

Action                   |  1- 3 |  4- 6 |  7- 9 || total
-------------------------+-------+-------+-------++-------
Melee: Unarmed           |    92 |   106 |   139 ||   337
       Punch             |       |     1 |     2 ||     3
Invok: Lunge             |       |       |     7 ||     7
  Use: Scroll            |     5 |     2 |     1 ||     8
       Potion            |     4 |     4 |     5 ||    13
  Eat: Chunk             |    18 |    12 |    14 ||    44
Armor: Robe              |    58 |    13 |       ||    71
       Acid dragon scale |       |    74 |   108 ||   182
Dodge: Dodged            |    72 |   121 |   133 ||   326

Table legend:
 A = Non-vault XP
 B = Vault XP
 C = Vault XP percentage of total XP
 D = Non-vault monster count
 E = Vault monster count
 F = Vault count percentage of total count
                 A         B        C        D         E       F
            +---------+---------+-------+---------+---------+-------
      Total |    1456 |     300 |  17.1 |     101 |       8 |   7.3
            +---------+---------+-------+---------+---------+-------
        D:1 |      41 |       0 |   0.0 |      24 |       0 |   0.0
        D:2 |      53 |      46 |  46.5 |      10 |       7 |  41.2
        D:3 |     124 |     254 |  67.2 |      17 |       1 |   5.6
        D:4 |     710 |       0 |   0.0 |      26 |       0 |   0.0
        D:5 |     245 |       0 |   0.0 |      12 |       0 |   0.0
        D:6 |     283 |       0 |   0.0 |      12 |       0 |   0.0
            +---------+---------+-------+---------+---------+-------
